 Dungeon Crawl Stone Soup version 0.17-a0-1769-g54adf96 (webtiles) character file.

541 Magnus the Ducker (level 7, 0/52 HPs)
             Began as a Mummy Gladiator on Sept 5, 2015.
             Slain by an orc
             ... wielding a +0 dagger of speed
              (2 damage)
             ... on level 4 of the Dungeon on Sept 7, 2015.
             The game lasted 00:16:07 (5718 turns).

Magnus the Ducker (Mummy Gladiator)                 Turns: 5718, Time: 00:16:07

Health: 0/52       AC:  4    Str: 18    XL:     7   Next: 5%
Magic:  7/7        EV: 13    Int:  9    God:
Gold:   149        SH:  0    Dex: 13    Spells: 0 memorised, 6 levels left

rFire  x . .     SeeInvis .     a - +0 long sword
rCold  + . .     Clarity  .     b - +0 leather armour
rNeg   + + +     SustAt   .     (no shield)
rPois  ∞         Gourm    .     c - +0 helmet
rElec  .         Spirit   .     (no cloak)
rCorr  .         Warding  .     (no gloves)
rMut   .         Stasis   .     (no boots)
MR     .....                    (no amulet)
Stlth  +.........               (no ring)
                                l - ring of wizardry

@: not resistant to hostile enchantments, very unstealthy
A: no food or potions, fire vulnerability, cold resistance 1, negative energy
resistance 3, torment resistance, unbreathing
a: no special abilities


You were on level 4 of the Dungeon.
You were not hungry.

You visited 1 branch of the dungeon, and saw 4 of its levels.

You collected 149 gold pieces.

Inventory:

Hand weapons
 a - a +0 long sword (weapon)
Missiles
 d - 2 throwing nets (quivered)
Armour
 b - a +0 leather armour (worn)
 c - a +0 helmet (worn)
Jewellery
 l - a ring of wizardry (left hand)
 p - a cursed ring of loudness {unknown}
 q - a cursed ring of teleportation {unknown}
Magical devices
 k - a wand of invisibility (4)
Scrolls
 e - a scroll of fog {unknown}
 f - a scroll of enchant armour {unknown}
 g - a scroll of random uselessness {unknown}
 h - 2 scrolls of remove curse {unknown}
 i - 3 scrolls of magic mapping {unknown}
 j - a scroll of recharging {unknown}
 m - a scroll of blinking {unknown}
 n - a scroll of teleportation {unknown}
 o - a scroll of identify {unknown}


   Skills:
 + Level 3.5 Fighting
 + Level 3.9 Long Blades
 - Level 1.5 Throwing
 - Level 2.2 Armour
 + Level 4.5 Dodging
 - Level 0.6 Stealth


You had 6 spell levels left.
You didn't know any spells.

Dungeon Overview and Level Annotations

Branches:
Dungeon (4/15)
 Temple: D:4-7

Altars:
Sif Muna


Innate Abilities, Weirdness & Mutations

You do not eat or drink.
Your flesh is vulnerable to fire.
You are immune to poison.
Your flesh is cold resistant.
You are immune to negative energy.
You are immune to unholy pain and torment.
You can survive without breathing.


Message History

You are too injured to fight recklessly!
You are too injured to fight recklessly!
You miss the orc.
The orc is moderately wounded.
The orc wizard gestures at you while chanting.
The magic dart hits you!
* * * LOW HITPOINT WARNING * * *
The orc closely misses you.
You are too injured to fight recklessly!
You are too injured to fight recklessly!
You are too injured to fight recklessly!
The orc wizard casts a spell at you. The magic dart hits you!
* * * LOW HITPOINT WARNING * * *
You're too confused to move!
You feel less confused. The orc barely misses you.
The orc wizard hits you but does no damage.
The orc hits you with a dagger of speed.
You die...

...##<.#....##..#.# #....)##
##.##)#####...(...# #.....#
##.##.# ##>......## ##...##
....#.####..##†.#..# #..##
......#....###..##.#######.##
....###(#### #......#......#
o......(### ##..##.....#####...o
....###().###..<.#..............
.......(.......[@o.##.#####.....
....###..........o.))..|..#...o.
###.###..###......###.###.......
#(......# #...(..###.## #..o...
#..##...# ##....#.....##.......
.....#.### ##..#)..............
.##....# #.................. .
#....# ###................
#....# #................


You could see an orc wizard and an orc.

Vanquished Creatures
  2 ogres (D:4)
  A phantom (D:4)
  A scorpion (D:3)
  An orc priest (D:3)
  A worker ant (D:4)
  An iguana (D:4)
  5 adders
  An ooze (D:1)
  5 worms
  14 orcs
  5 bats
  3 giant cockroaches
  10 hobgoblins
  12 jackals
  7 kobolds
  A ball python skeleton (D:4)
  A giant gecko (D:4)
  4 goblins (D:3)
  7 rats
82 creatures vanquished.

Notes
Turn   | Place    | Note
--------------------------------------------------------------
     0 | D:1      | Magnus the Mummy Gladiator began the quest for the Orb.
     0 | D:1      | Reached XP level 1. HP: 16/16 MP: 1/1
   394 | D:1      | Reached XP level 2. HP: 17/22 MP: 2/2
   803 | D:1      | You fall through a shaft!
   999 | D:2      | Reached XP level 3. HP: 27/27 MP: 3/3
  1056 | D:2      | Reached skill level 3 in Dodging
  2528 | D:3      | Reached XP level 4. HP: 21/34 MP: 4/4
  3033 | D:3      | Reached skill level 1 in Armour
  3614 | D:3      | Reached XP level 5. HP: 35/39 MP: 5/5
  3849 | D:3      | Found a deep blue altar of Sif Muna.
  4359 | D:4      | Noticed an ogre
  4374 | D:4      | Killed an ogre
  4374 | D:4      | Reached skill level 4 in Dodging
  4374 | D:4      | Reached XP level 6. HP: 11/47 MP: 6/6
  4865 | D:4      | Noticed a phantom
  4949 | D:4      | Killed a phantom
  5047 | D:4      | Upgraded the game from 0.17-a0-1763-g847a857 to 0.17-a0-1769-g54adf96
  5068 | D:4      | Noticed an ogre
  5093 | D:4      | Killed an ogre
  5386 | D:4      | Reached XP level 7. HP: 52/52 MP: 7/7
  5716 | D:4      | HP: 2/52 [orc wizard/magic dart (3)]
  5718 | D:4      | Slain by an orc

Vault maps used:
D:1:      co_arrival_random_square_maze
D:2:      serial_bayou_ford_a
D:3:      first_bread, lemuel_blue_sif_altar

Action                   |  1- 3 |  4- 6 |  7- 9 || total
-------------------------+-------+-------+-------++-------
Melee: Long sword        |   137 |   172 |    51 ||   360
Throw: Throwing net      |       |     1 |       ||     1
 Stab: Sleeping          |     1 |       |       ||     1
